 Dungeon Crawl Stone Soup version 0.31-a0-229-g1fc7ce93e2 (webtiles) character file.

Game seed: 6542552561143052279

114 qw the Shooter (level 4, 0/26 HPs)
             Began as a Gargoyle Hexslinger on July 6, 2023.
             Slain by an orc
             ... wielding a +0 flail
              (7 damage)
             ... on level 4 of the Dungeon.
             The game lasted 00:00:52 (2361 turns).

qw the Shooter (Gargoyle Hexslinger)                Turns: 2361, Time: 00:00:52

Health: 0/26       AC:  9    Str: 12    XL:     4   Next: 97%
Magic:  5/5        EV: 10    Int: 13    God:
Gold:   72         SH:  0    Dex: 14    Spells: 4/5 levels left

rFire   . . .        Y - +1 sling
rCold   + . .        (no shield)
rNeg    + . .        i - +0 ring mail
rPois   inf          (no helmet)
rElec   +            (no cloak)
rCorr   .            (no gloves)
SInv    +            (no boots)
Will    .....        (no amulet)
Stlth   +            h - ring of see invisible
HPRegen 0.24/turn    b - ring of protection from cold
MPRegen 0.09/turn

%: no passive effects
@: no status effects
A: sickness immunity, AC +3, negative energy resistance 1, electricity
resistance, torment resistance 1, petrification resistance
a: no special abilities


You were on level 4 of the Dungeon.
You visited 1 branch of the dungeon, and saw 4 of its levels.

You collected 72 gold pieces.


Innate Abilities, Weirdness & Mutations

You are immune to sickness and miasma.
Your stone body is resilient. (AC +3)
You are immune to poison.
You resist negative energy. (rN+)
You are resistant to electric shocks. (rElec)
You are resistant to unholy torment.
You are immune to petrification.


   Skills:
 - Level 2.0 Fighting
 + Level 4.1 Ranged Weapons
 - Level 2.1 Armour
 - Level 1.5 Dodging
 - Level 1.0 Spellcasting
 - Level 2.6 Hexes


You had 4 spell levels left.
You knew the following spells:

 Your Spells              Type           Power      Damage    Failure   Level
a - Slow                  Hex            28%        N/A       21%         1

Your spell library contained the following spells:

 Spells                   Type           Power      Damage    Failure   Level
 Inner Flame              Hex/Fire       4%         N/A       71%         3
 Portal Projectile        Hex/Tloc       8%         N/A       71%         3
 Cause Fear               Hex            3%         N/A       90%         4

Inventory:

Hand Weapons
 Y - a +1 sling (weapon)
Armour
 i - a +0 ring mail (worn)
Jewellery
 b - a ring of protection from cold (right hand)
 h - a ring of see invisible (left hand)
Scrolls
 c - a scroll of teleportation
 j - a scroll of identify
Potions
 f - a potion of enlightenment
 g - a potion of mutation
 l - a potion of brilliance {unknown}
 m - a potion of attraction {unknown}
 o - a potion of lignification {unknown}
 p - a potion of haste {unknown}

Dungeon Overview and Level Annotations

Branches:
Dungeon (4/15)
 Temple: D:4-7

Altars:
Wu Jian

Shops:
D:1 *


Message History

You feel much better. The orc closely misses you.
The orc hits you but does no damage.
The orc wizard casts a spell.
The orc wizard flickers and vanishes for a moment.
The orc hits you but does no damage.
The orc wizard hits you with a +0 dagger.
The orc hits you but does no damage.
You feel less confused. The orc hits you but does no damage.
The orc completely misses you. The orc wizard casts a spell at you.
The puff of flame hits you.
You shoot a sling bullet.
The sling bullet barely misses the orc wizard.
The orc hits you but does no damage.
The orc wizard hits you but does no damage.
The orc hits you with a +0 flail.
You shoot a sling bullet.
The sling bullet hits the orc wizard but does no damage.
The orc wizard is almost dead.
The orc barely misses you. The orc hits you but does no damage.
The orc wizard hits you but does no damage.
You shoot a sling bullet.
The sling bullet hits the orc wizard but does no damage.
The orc wizard is almost dead.
The orc barely misses you.
The orc wizard hits you but does no damage.
The orc hits you with a +0 club. The orc hits you but does no damage.
The orc wizard hits you with a +0 dagger.
The orc closely misses you.
You shoot a sling bullet. The sling bullet misses the orc wizard.
The orc hits you with a +0 club. The orc hits you but does no damage.
The orc wizard hits you but does no damage.
You shoot a sling bullet.
The sling bullet closely misses the orc wizard.
The orc hits you but does no damage. The orc hits you with a +0 flail.
The orc wizard hits you with a +0 dagger.
You shoot a sling bullet.
The sling bullet closely misses the orc wizard.
The orc hits you with a +0 flail!
You die...

.......... ..........[
..........# ##.....
.........# #.....#####
..........+ +....>.....
...#...... #..........
...#...oo######..........
.......o@...........#....
.........................
.....#............))...##
................###.#....
...#..............)<#...#
....................#)..#
........##..........+...#
..).>...##..........###.#
........##..............#


You could see an orc wizard (invisible) and 2 orcs.

Vanquished Creatures
  An orc priest (D:4)
  4 adders
  A worm (D:2)
  A dart slug (D:1)
  2 orcs
  2 bats
  4 endoplasms
  3 giant cockroaches (D:2)
  5 goblins
  2 hobgoblins (D:2)
  2 jackals (D:2)
  2 quokkas (D:3)
  4 ball pythons
  3 frilled lizards (D:1)
  3 kobolds
  2 rats (D:1)
41 creatures vanquished.

Notes
Turn   | Place    | Note
-------+----------+-------------------------------------------
     0 | D:1      | qw the Gargoyle Hexslinger began the quest for the Orb.
     0 | D:1      | Reached XP level 1. HP: 12/12 MP: 2/2
     0 | D:1      | 0 ||| qw: Version: 0.3-a-46-gb1f654a
     0 | D:1      | 0 ||| qw: Game counter: 1140
     0 | D:1      | 0 ||| qw: Melee chars always use a shield: true
     0 | D:1      | 0 ||| qw: God list: Okawaru
     0 | D:1      | 0 ||| qw: Allow faded altars: false
     0 | D:1      | 0 ||| qw: Do Orc after clearing Dungeon:15 true
     0 | D:1      | 0 ||| qw: Do second Lair branch before Depths: true
     0 | D:1      | 0 ||| qw: Lair rune preference: random
     0 | D:1      | 0 ||| qw: Goals: Normal
     0 | D:1      | 0 ||| PLANNING D:1-11
    72 | D:1      | 72 ||| FLEEEEING.
    73 | D:1      | 73 ||| FLEEEEING.
    74 | D:1      | 74 ||| FLEEEEING.
    75 | D:1      | 75 ||| FLEEEEING.
   221 | D:1      | Found Xusaus's General Store.
   229 | D:1      | 229 ||| SHOPLISTING +0 pair of boots (58 gold, have 21).
   229 | D:1      | 229 ||| SHOPLISTING scroll of identify (26 gold, have 21).
   314 | D:1      | Reached XP level 2. HP: 16/16 MP: 3/3
   937 | D:1      | 937 ||| UPGRADING to +0 ring mail.
   947 | D:1      | 947 ||| DROPPING +0 robe.
   948 | D:1      | 948 ||| UPGRADING to ring of see invisible.
   949 | D:1      | 949 ||| DROPPING +6 ring of intelligence.
   950 | D:1      | 950 ||| READING 2 scrolls labelled VELLELARIO.
   951 | D:1      | 951 ||| READING scroll labelled NUCLASI YZADWU.
   954 | D:1      | 954 ||| READING scroll labelled PAGOOT ARONK.
   955 | D:1      | 955 ||| READING scroll labelled BEYWEN IRALED.
   956 | D:1      | 956 ||| DROPPING scroll of immolation.
   957 | D:1      | 957 ||| DROPPING scroll of poison.
  1028 | D:2      | Reached skill level 3 in Ranged Weapons
  1086 | D:2      | Reached XP level 3. HP: 19/21 MP: 4/4
  1518 | D:2      | Reached XP level 4. HP: 26/26 MP: 5/5
  1721 | D:2      | 1721 ||| READING scroll labelled UFUDUDGHOSE.
  1722 | D:2      | 1722 ||| READING scroll labelled MUNELI ESEMEO.
  1723 | D:2      | 1723 ||| READING scroll labelled TYRENW FIATE.
  1808 | D:3      | Reached skill level 4 in Ranged Weapons
  2107 | D:3      | Found an ornate altar of the Wu Jian Council.
  2157 | D:3      | 2157 ||| UPGRADING to ring of protection from cold.
  2158 | D:3      | 2158 ||| DROPPING ring of flight.
  2159 | D:3      | 2159 ||| READING scroll labelled MOEHAIB WAIMN.
  2160 | D:3      | 2160 ||| READING scroll labelled ZEBEUV JULAVI.
  2161 | D:3      | 2161 ||| READING scroll labelled ASUJONE HOASEP.
  2162 | D:3      | 2162 ||| DRINKING 2 puce potions.
  2163 | D:3      | 2163 ||| DRINKING 2 bubbling brown potions.
  2164 | D:3      | 2164 ||| DRINKING 2 viscous puce potions.
  2165 | D:3      | 2165 ||| READING 2 scrolls of identify.
  2165 | D:3      | 2165 ||| IDENTIFYING metallic blue potion
  2179 | D:4      | 2179 ||| STAIRDANCE
  2332 | D:4      | 2332 ||| DRINKING potion of curing.
  2332 | D:4      | 2332 ||| (to cure confusion)
  2352 | D:4      | HP: 6/26 [orc/+0 flail (3)]
  2353 | D:4      | 2353 ||| DRINKING potion of heal wounds.
  2361 | D:4      | Slain by an orc

Levels and vault maps discovered:
D:1:      saegor_arrival_fortress, layout_loops_ring, serial_shops, shop,
          hangedman_decor_lopped
D:2:      layout_loops_ring, serial_forest, infiniplex_forest_lined_4_way,
          infiniplex_forest_lined_3, infiniplex_forest_clump_curved,
          infiniplex_forest_lined_1
D:3:      layout_rooms, nzn_wu_jian_contemplation, nicolae_titane
D:4:      wander_river, layout_basic, trog_wizard,
          minmay_temple_entry_glassed_door, uniq_crazy_yiuf_cottage

Skill      XL: |  1  2  3  4 |
---------------+-------------+-----
Ranged Weapons | 3 4 |  4.1
Fighting       | 2 |  2.0
Armour         | 2 |  2.1
Dodging        | |  1.5
Spellcasting   | |  1.0
Hexes          | |  2.6

Action                     |  1- 3 |  4- 6 || total
---------------------------+-------+-------++-------
   Fire: Sling             |    98 |    58 ||   156
    Use: Scroll            |     4 |     7 ||    11
         Potion            |       |     5 ||     5
 Armour: Robe              |     1 |       ||     1
         Ring mail         |    22 |    40 ||    62
  Dodge: Dodged            |    20 |    31 ||    51

Table legend:
 A = Non-vault XP
 B = Vault XP
 C = Vault XP percentage of total XP
 D = Non-vault monster count
 E = Vault monster count
 F = Vault count percentage of total count
                 A         B        C        D         E       F
            +---------+---------+-------+---------+---------+-------
      Total |     163 |       0 |   0.0 |      41 |       0 |   0.0
            +---------+---------+-------+---------+---------+-------
        D:1 |      18 |       0 |   0.0 |      11 |       0 |   0.0
        D:2 |      69 |       0 |   0.0 |      17 |       0 |   0.0
        D:3 |      26 |       0 |   0.0 |       8 |       0 |   0.0
        D:4 |      50 |       0 |   0.0 |       5 |       0 |   0.0
            +---------+---------+-------+---------+---------+-------
